 Dungeon Crawl Stone Soup version 0.22-a0-322-g60b3cfd (webtiles) character file.

275385 grindst0ne the Warrior (level 19, -15/161 HPs)
             Began as a Mummy Gladiator on Apr 2, 2018.
             Was an Initiate of Gozag.
             Demolished by an ettin
             ... wielding a +1 dire flail of protection
              (34 damage)
             ... while paralysed by a sphinx
             ... on level 1 of the Depths.
             The game lasted 03:04:12 (61292 turns).

grindst0ne the Warrior (Mummy Gladiator)           Turns: 61292, Time: 03:04:12

Health: -15/161    AC: 31    Str: 31    XL:     19   Next: 55%
Magic:  23/23      EV:  2    Int: 15    God:    Gozag
Gold:   1308       SH:  0    Dex: 18    Spells: 6/18 levels left

rFire    + + .     SeeInvis +   h - +6 demon trident (freeze)
rCold    + + +     Gourm    .   C - +2 shield {AC+3}
rNeg     + + +     Faith    .   z - +0 crystal plate armour
rPois    ∞         Spirit   .   S - +0 hat of Qotsenyu {rF+ Int+3 SInv Stlth-}
rElec    +         Reflect  +   v - +0 cloak
rCorr    +         Harm     .   g - +2 pair of gloves of the Blind Marksman {rElec rF++ rCorr Slay-4}
MR       ++...                  (no boots)
Stlth    ..........             c - amulet "Rezeph" {Reflect rC+ Int+3 Dex-3 SH+3}
HPRegen  0.36/turn              E - ring "Kumpehut" {rPois rC+ Str+8 Int-3 Dex+4}
MPRegen  0.18/turn              w - ring "Calu" {rPois Int+3 Dex+3 SInv}

@: paralysed
A: no food or potions, fire vulnerability, cold resistance 1, negative energy
resistance 3, torment resistance, unbreathing, in touch with death 1
}: 2/15 runes: barnacled, gossamer
a: Potion Petition, Call Merchant, Bribe Branch, Renounce Religion


You were on level 1 of the Depths.
You worshipped Gozag.
Gozag was most pleased with you.
You were not hungry.

You visited 7 branches of the dungeon, and saw 34 of its levels.
You also visited: Bailey and Ice Cave.

You collected 14006 gold pieces.
You spent 4951 gold pieces at shops.
You paid 7747 gold pieces to Gozag.

Inventory:

Hand Weapons
 a - the +0 lajatang "Cagusien" {protect, rC+ Str+3}
   (You bought it in a shop on level 11 of the Dungeon)

   It protects the one who uses it against injury (+AC on strike).
   It affects your strength (+3).
   It protects you from cold.
 b - a +0 blowgun
 h - a +6 demon trident of freezing (weapon)
 H - the +11 flail "Setsiren" {vamp, rElec MR+}
   (You found it on level 6 of the Lair of Beasts)

   It inflicts no extra harm, but heals its wielder when it wounds a living foe.
   It insulates you from electricity.
   It affects your resistance to hostile enchantments.
 M - a +3 scimitar of flaming
Missiles
 d - 8 throwing nets
 m - 63 tomahawks
 t - 7 curare-tipped needles
 F - 17 steel javelins
 I - 4 javelins of returning
 K - 19 javelins
 N - 14 poisoned javelins (quivered)
Armour
 g - the +2 pair of gloves of the Blind Marksman (worn) {rElec rF++ rCorr Slay-4}
   (You bought it in a shop on level 2 of the Orcish Mines)

   It affects your accuracy and damage with ranged weapons and melee attacks
   (-4).
   It greatly protects you from fire.
   It insulates you from electricity.
   It protects you from acid and corrosion.
 q - a +2 large shield
 v - a +0 cloak (worn)
 z - a +0 crystal plate armour (worn)
 B - a +1 buckler of cold resistance
 C - a +2 shield of protection (worn)
 P - a +2 pair of gloves of archery
 S - the +0 hat of Qotsenyu (worn) {rF+ Int+3 SInv Stlth-}
   (You bought it in a shop on level 2 of the Orcish Mines)

   It affects your intelligence (+3).
   It protects you from fire.
   It lets you see invisible.
   It makes you less stealthy.
Jewellery
 c - the amulet "Rezeph" (around neck) {Reflect rC+ Int+3 Dex-3 SH+3}
   (You bought it in a shop on level 2 of the Orcish Mines)

   [amulet of reflection]

   It shields you and reflects attacks.
   It affects your intelligence (+3).
   It affects your dexterity (-3).
   It protects you from cold.
   It affects your SH (+3).
 l - an uncursed ring of wizardry
 u - an uncursed ring of flight
 w - the ring "Calu" (right hand) {rPois Int+3 Dex+3 SInv}
   (You found it on level 8 of the Dungeon)

   [ring of see invisible]

   It affects your intelligence (+3).
   It affects your dexterity (+3).
   It protects you from poison.
   It lets you see invisible.
 y - an uncursed ring of fire
 E - the ring "Kumpehut" (left hand) {rPois rC+ Str+8 Int-3 Dex+4}
   (You bought it in a shop on level 2 of the Orcish Mines)

   [ring of protection from cold]

   It affects your strength (+8).
   It affects your intelligence (-3).
   It affects your dexterity (+4).
   It protects you from cold.
   It protects you from poison.
 U - an uncursed ring of protection from magic
Wands
 f - a wand of paralysis (2)
 A - a wand of polymorph (64)
 D - a wand of flame (107)
 G - a wand of enslavement (31)
 O - a wand of iceblast (15)
 Q - a wand of random effects (47)
 T - a wand of digging (6)
 W - a wand of scattershot (6)
 X - a wand of disintegration (18)
Scrolls
 e - 6 scrolls of identify
 i - 7 scrolls of remove curse
 j - 3 scrolls of torment
 n - 3 scrolls of fog
 o - 3 scrolls of enchant armour
 p - 7 scrolls of amnesia
 r - a scroll of silence
 J - 2 scrolls of fear
 R - 4 scrolls of magic mapping
 V - 3 scrolls of teleportation
Miscellaneous
 s - 2 phantom mirrors
 x - a phial of floods
 L - a lightning rod (4/4)


   Skills:
 - Level 17.2 Fighting
 + Level 9.1(12.6) Polearms
 - Level 14.0(14.8) Staves
 - Level 1.5 Throwing
 - Level 15.0 Armour
 - Level 11.0 Dodging
 + Level 12.0 Shields
 - Level 6.0 Evocations


You had 6 spell levels left.
You knew the following spells:

 Your Spells              Type           Power        Failure   Level  Hunger
a - Blink                 Tloc           N/A          100%        2    N/A
b - Borgnjor's Vile Clut  Necr/Erth      #.........   100%        5    N/A
c - Lee's Rapid Deconstr  Erth           #.........   100%        5    N/A

Dungeon Overview and Level Annotations

Branches:
Dungeon (15/15)            Temple (1/1) D:4            Lair (6/6) D:11
 Shoals (4/4) Lair:4       Spider (4/4) Lair:2        Slime (0/5) Lair:6
    Orc (2/2) D:9             Elf (0/3) Orc:2        Vaults (0/5) D:14
 Depths (2/5) D:15

Altars:
Ashenzari
Cheibriados
Dithmenos
Elyvilon
Fedhas
Gozag
Hepliaklqana
Kikubaaqudgha
Makhleb
Nemelex Xobeh
Okawaru
Qazlal
Ru
Sif Muna
Trog
Uskayaw
Vehumet
Wu Jian
Xom
Yredelemnul
Zin
The Shining One
Beogh
Jiyva

Shops:
D:9 ?   D:11 (   Orc:2 [%*([[=   Shoals:4 *(?[:

Portals:
Hell: Depths:1

Annotations:
D:5 exclusion: downstairs
D:7 exclusion: downstairs
D:12 exclusion: downstairs
Lair:4 exclusion: 3 oklob plants
Spider:3 exclusion: 2 downstairs


Innate Abilities, Weirdness & Mutations

You do not eat or drink.
Your flesh is vulnerable to fire.
You are immune to poison.
Your flesh is cold resistant. (rC+)
You are immune to negative energy. (rN+++)
You are immune to unholy pain and torment.
You can survive without breathing.
You are in touch with the powers of death.


Message History

The deep troll bites you but does no damage.
The deep troll claws you!
The deep troll claws you but does no damage.
The sphinx hits you.
The sphinx hits you but does no damage. x2
The ettin hits you with a dire flail of protection!
The ettin hits you with a dire flail!!
* * * LOW HITPOINT WARNING * * *
The two-headed ogre hits you with a giant club!
* * * LOW HITPOINT WARNING * * *
The two-headed ogre hits you with a giant spiked club!
* * * LOW HITPOINT WARNING * * *
The deep troll bites you.
* * * LOW HITPOINT WARNING * * *
The deep troll claws you.
* * * LOW HITPOINT WARNING * * *
The deep troll claws you but does no damage.
The sphinx hits you but does no damage. x3
The ettin hits you with a dire flail of protection!!
You die...
Your body crumbles into a pile of gold.

# #.# #............# ###.#
#).(.........# #...#
#............# #.###
#.........)(.# ##.#
#......(.....# #..#
#####'######## ###.## #.#
#...# #####'######## #.###
#.T@C........# #.#
#.HO[........# ##.#######
#............#
.....#...#####.............#
####.#.#.'..##..........##.#
...#.#.#.##.##..........# 8
##.###.#.##.##..........###
.#.(...(.##..'............#
#####'########...(........#


You could see a sphinx, an ettin, a two-headed ogre and a deep troll.

Vanquished Creatures
  Arachne (Spider:4)
  4 acid blobs (Depths:1)
  Polyphemus (Shoals:1)
  Ilsuiw (Shoals:3)
  A tengu reaver (D:13)
  4 azure jellies (Depths:1)
  3 ghost moths
  Aizul (Spider:3)
  6 emperor scorpions
  Louise (Shoals:2)
  A war gargoyle (D:13)
  6 very ugly things (Depths:1)
  4 stone giants
  4 entropy weavers
  Nessos (D:14)
  3 spark wasps (Spider:4)
  4 merfolk javelineers (Shoals:4)
  Snorg (Lair:4)
  4 ettins
  2 fire dragons
  4 merfolk impalers (Shoals:4)
  5 death oozes (Depths:1)
  3 jiangshi (Depths:1)
  A great orb of eyes (Depths:1)
  An ice dragon (Lair:6)
  5 hydras
  A rakshasa (Depths:1)
  A vault guard (D:14)
  4 merfolk avatars
  6 ogre magi
  2 catoblepae
  7 merfolk aquamancers
  5 centaur warriors
  2 tengu warriors
  4 satyrs
  2 deep troll earth magi (Depths:1)
  18 death yaks
  A deep troll shaman (D:15)
  An orc high priest (Orc:2)
  17 two-headed ogres
  Urug (D:12)
  2 fire crabs (Shoals:3)
  2 iron trolls
  4 skeletal warriors (D:15)
  14 sea snakes
  An unseen horror (shapeshifter) (Depths:1)
  3 unseen horrors
  4 wizards
  A lindwurm (Lair:6)
  11 deep trolls
  4 orc knights
  Pikel (D:6)
  A wolf spider zombie (D:15)
  A swamp dragon (Lair:6)
  A necromancer (IceCv)
  16 harpies
  19 wolf spiders
  14 orb spiders
  3 deep elf magi
  8 cyclopes
  12 manticores
  27 ugly things
  17 fauns
  An orc sorcerer (Orc:2)
  10 elephants
  4 moths of wrath
  5 black mambas
  6 torpor snails
  3 water nymphs
  An ice statue (IceCv)
  9 merfolk sirens
  A komodo dragon (shapeshifter) (D:15)
  4 rime drakes
  7 spiny frogs
  6 demonic crawlers
  8 komodo dragons
  10 freezing wraiths (IceCv)
  A yaktaur (Depths:1)
  An efreet (D:13)
  3 tengu conjurers
  4 tyrant leeches (Lair:6)
  12 trolls
  A wolf spider simulacrum (D:15)
  12 hornets
  39 jumping spiders
  2 polar bears (Lair:4)
  31 slime creatures
  27 merfolk
  8 wind drakes
  A meliai (D:14)
  7 blink frogs (Lair:6)
  A wind drake (shapeshifter) (D:15)
  8 snapping turtles
  14 hippogriffs
  15 dream sheep
  A vampire (D:11)
  3 wraiths (D:15)
  3 shadows
  25 tarantellas
  11 water elementals
  84 redbacks
  A redback (shapeshifter) (D:13)
  18 yaks
  6 wyverns
  2 fire bats (Shoals:3)
  5 hungry ghosts
  Grum (D:9)
  5 basilisks
  A death yak simulacrum (IceCv)
  3 steam dragons
  A vampire mosquito (D:13)
  Edmund (D:5)
  A warg (Orc:2)
  A naga (D:12)
  3 acid dragons (Lair:6)
  22 water moccasins
  9 porcupines
  33 orc warriors
  A slave (D:6)
  A swamp drake (Lair:6)
  9 ice beasts
  8 sky beasts
  2 black bears
  A necrophage (D:7)
  A phantom (D:4)
  3 boggarts (D:14)
  An eye of draining (D:11)
  31 ogres
  16 wolves
  19 centaurs
  A crocodile (shapeshifter) (Depths:1)
  15 crocodiles
  11 big kobolds
  17 bullfrogs
  A gnoll sergeant (D:9)
  5 scorpions
  2 water moccasin skeletons
  6 killer bees
  An elephant simulacrum (IceCv)
  4 howler monkeys
  4 electric eels
  4 draconian simulacra (IceCv)
  5 crimson imps
  3 centaur zombies
  A lava snake (D:7)
  4 bullfrog zombies
  9 jellies
  12 orc priests
  6 centaur skeletons
  11 hounds
  16 orc wizards
  4 bullfrog skeletons
  6 iguanas
  Natasha (D:3)
  4 spriggan simulacra (IceCv)
  9 worker ants
  A polar bear simulacrum (IceCv)
  7 troll simulacra (IceCv)
  A wolf simulacrum (IceCv)
  A centaur simulacrum (IceCv)
  A howler monkey zombie (D:9)
  A worker ant zombie (D:6)
  10 gnolls
  An ogre simulacrum (IceCv)
  14 adders
  3 naga simulacra (IceCv)
  A shadow imp (D:6)
  12 white imps (IceCv)
  9 oozes
  4 worms
  3 dart slugs
  10 leopard geckos
  75 orcs
  2 ball pythons
  5 giant cockroaches
  7 goblins
  12 hobgoblins
  12 jackals
  50 kobolds
  5 quokkas
  7 bats
  2 frilled lizards
  A leopard gecko zombie (D:3)
  A quokka skeleton (D:4)
  12 rats
  A plant (Lair:6)
1338 creatures vanquished.

Vanquished Creatures (collateral kills)
  A titan (Shoals:3)
  An emperor scorpion (Spider:3)
  An ettin (D:15)
  A hydra (Lair:6)
  An ogre mage (D:15)
  An orc knight (D:15)
  4 redbacks (Spider:3)
  An orc (D:15)
  A plant (Lair:6)
12 creatures vanquished.

Vanquished Creatures (others)
  A fire giant (Depths:1)
  A rakshasa (Depths:1)
  A satyr (Shoals:4)
  A manticore (Shoals:4)
  2 redbacks
  2 water elementals
  2 orc warriors (Bailey)
  2 centaurs
  5 orcs (Bailey)
  20 fungi
  114 plants
151 creatures vanquished.

Grand Total: 1501 creatures vanquished

Notes
Turn   | Place    | Note
-------+----------+-------------------------------------------
     0 | D:1      | grindst0ne the Mummy Gladiator began the quest for the Orb.
     0 | D:1      | Reached XP level 1. HP: 16/16 MP: 1/1
   334 | D:1      | Reached XP level 2. HP: 23/23 MP: 2/2
   771 | D:2      | Reached XP level 3. HP: 28/28 MP: 3/3
   834 | D:2      | Reached skill level 3 in Fighting
   873 | D:2      | Found a stormy altar of Qazlal.
  1209 | D:2      | Found a shadowy altar of Dithmenos.
  1346 | D:2      | Reached XP level 4. HP: 35/35 MP: 4/4
  2398 | D:3      | Noticed an ogre
  2407 | D:3      | Killed an ogre
  2407 | D:3      | Reached skill level 4 in Fighting
  2407 | D:3      | Reached XP level 5. HP: 43/43 MP: 5/5
  2890 | D:3      | Noticed an ice beast
  2899 | D:3      | Killed an ice beast
  2899 | D:3      | Reached XP level 6. HP: 42/50 MP: 6/6
  3059 | D:3      | Noticed Natasha
  3120 | D:3      | Killed Natasha
  3120 | D:3      | Reached skill level 5 in Fighting
  3486 | D:3      | Reached skill level 5 in Staves
  3486 | D:3      | Reached XP level 7. HP: 53/56 MP: 7/7
  3564 | D:2      | Reached skill level 6 in Fighting
  4305 | D:4      | Reached XP level 8. HP: 57/65 MP: 8/8
  4318 | D:4      | Found a burning altar of Makhleb.
  4517 | D:4      | Reached skill level 7 in Fighting
  4924 | D:4      | Found a sacrificial altar of Ru.
  5025 | D:4      | Found a staircase to the Ecumenical Temple.
  5090 | D:5      | Entered Level 5 of the Dungeon
  5337 | D:5      | Reached skill level 8 in Fighting
  5557 | D:5      | Found an iron altar of Okawaru.
  6137 | Temple   | Entered the Ecumenical Temple
  6347 | D:6      | Noticed a troll
  6413 | D:6      | Noticed Edmund
  6435 | D:5      | Killed Edmund
  6435 | D:5      | Reached XP level 9. HP: 69/75 MP: 9/9
  6509 | D:6      | Killed a troll
  6845 | D:6      | Reached skill level 9 in Fighting
  7235 | D:6      | Learned a level 2 spell: Blink
  7419 | D:6      | Noticed Pikel
  7448 | D:6      | Killed Pikel
  7448 | D:6      | Reached skill level 10 in Fighting
  8015 | D:7      | Reached skill level 1 in Evocations
  8365 | D:7      | Reached XP level 10. HP: 72/85 MP: 11/11
  8517 | D:8      | Found an opulent altar of Gozag.
  8522 | D:8      | Became a worshipper of Gozag Ym Sagoz the Greedy
  8618 | D:8      | Got a wavering steel ring
  8820 | D:8      | Noticed a two-headed ogre
  8869 | D:8      | Killed a two-headed ogre
  9653 | D:9      | Reached skill level 5 in Evocations
  9801 | D:9      | Noticed a two-headed ogre
  9818 | D:9      | Killed a two-headed ogre
  9880 | D:9      | Found a flagged portal.
  9889 | Bailey   | Entered a bailey
 10172 | Bailey   | Identified the ring "Calu" {rPois Int+3 Dex+3 SInv} (You found it on level 8 of the Dungeon)
 11191 | Bailey   | Reached skill level 10 in Staves
 11947 | Bailey   | Reached skill level 1 in Armour
 12861 | Bailey   | Found the +8 frozen axe "Frostbite" {freezing cloud, *Noise +Fly rC+}
 12864 | Bailey   | Noticed an orc knight
 12873 | Bailey   | Killed an orc knight
 12873 | Bailey   | Reached XP level 11. HP: 36/90 MP: 15/15
 13598 | D:9      | Noticed Grum
 13673 | D:9      | Killed Grum
 14262 | D:9      | Found Efetig's Magic Scroll Shop.
 14272 | D:9      | Bought a scroll of summoning for 133 gold pieces
 14272 | D:9      | Bought a scroll of teleportation for 42 gold pieces
 14272 | D:9      | Bought a scroll of magic mapping for 49 gold pieces
 14272 | D:9      | Bought a scroll of teleportation for 42 gold pieces
 14272 | D:9      | Bought a scroll of summoning for 133 gold pieces
 14803 | D:9      | Noticed a two-headed ogre
 14821 | D:9      | Killed a two-headed ogre
 15073 | D:9      | Noticed a two-headed ogre
 15102 | D:9      | Killed a two-headed ogre
 15102 | D:9      | Reached skill level 5 in Armour
 15406 | D:9      | Found a staircase to the Orcish Mines.
 16410 | D:10     | Entered Level 10 of the Dungeon
 17793 | D:11     | Noticed a five-headed hydra
 17806 | D:11     | Killed a five-headed hydra
 17813 | D:11     | Found Liulet's Antique Weapon Shoppe.
 17816 | D:11     | Bought a slimy lajatang for 580 gold pieces
 17816 | D:11     | Identified the cursed +0 lajatang "Cagusien" {protect, rC+ Str+3} (You bought it in a shop on level 11 of the Dungeon)
 17822 | D:11     | Bought a glowing quarterstaff for 203 gold pieces
 18462 | D:11     | Noticed a brown ugly thing
 18471 | D:11     | Killed a brown ugly thing
 18471 | D:11     | Reached XP level 12. HP: 97/97 MP: 16/16
 18519 | D:11     | Found a staircase to the Lair.
 18881 | D:12     | Noticed Urug
 18889 | D:12     | Killed Urug
 19130 | Lair:1   | Entered Level 1 of the Lair of Beasts
 19130 | Lair:1   | Noticed a five-headed hydra
 19130 | Lair:1   | Noticed a six-headed hydra
 19417 | D:11     | Killed a five-headed hydra
 19623 | D:11     | Bought a glowing morningstar for 203 gold pieces
 20229 | Lair:1   | Reached skill level 10 in Armour
 22181 | Lair:3   | You fall through a shaft for 3 floors!
 22181 | Lair:6   | Entered Level 6 of the Lair of Beasts
 22258 | Lair:5   | Noticed a death yak
 22258 | Lair:5   | Noticed a death yak
 22279 | Lair:6   | Noticed a death yak
 22566 | Lair:6   | Gained mutation: You are in touch with the powers of death. [Mummy growth]
 22566 | Lair:6   | Reached XP level 13. HP: 57/104 MP: 17/17
 23112 | Lair:6   | Reached skill level 11 in Fighting
 24196 | Lair:4   | Noticed Snorg
 24202 | Lair:4   | Killed Snorg
 24616 | Lair:4   | Found a staircase to the Shoals.
 26126 | Lair:5   | Reached skill level 12 in Fighting
 26241 | Lair:5   | Reached XP level 14. HP: 55/115 MP: 18/18
 27220 | Lair:6   | Found a staircase to the Slime Pits.
 27223 | Lair:6   | Found a viscous altar of Jiyva.
 27612 | Lair:6   | Found a runed door.
 27773 | Lair:6   | Got a slimy flail
 27774 | Lair:6   | Identified the +11 flail "Setsiren" {vamp, rElec MR+} (You found it on level 6 of the Lair of Beasts)
 29893 | Lair:6   | Reached skill level 13 in Fighting
 30334 | D:12     | Noticed Sonja
 30336 | D:12     | Noticed Sonja
 30336 | D:12     | Sonja changed into Sonja the naga
 30348 | D:12     | Killed Sonja the naga
 32248 | D:13     | Noticed a war gargoyle
 32266 | D:13     | Killed a war gargoyle
 32419 | D:13     | Noticed a tengu reaver
 32432 | D:13     | Killed a tengu reaver
 32764 | D:14     | Noticed Nessos
 32800 | D:14     | Killed Nessos
 32800 | D:14     | Reached XP level 15. HP: 92/123 MP: 19/19
 32990 | D:14     | Found a gate to the Vaults.
 34172 | D:15     | Entered Level 15 of the Dungeon
 34368 | D:15     | Found a roughly hewn altar of Beogh.
 34723 | D:15     | Found a frozen archway.
 34731 | IceCv    | Entered an ice cave
 35495 | IceCv    | Found an ancient bone altar of Kikubaaqudgha.
 36465 | D:15     | Found a staircase to the Depths.
 37107 | Orc:1    | Entered Level 1 of the Orcish Mines
 37188 | Orc:1    | Found a roughly hewn altar of Beogh.
 37421 | Orc:2    | Entered Level 2 of the Orcish Mines
 37757 | Orc:1    | Reached skill level 15 in Armour
 37929 | Orc:2    | Found a staircase to the Elven Halls.
 38304 | Orc:2    | Found a roughly hewn altar of Beogh.
 38417 | Orc:2    | Reached XP level 16. HP: 103/131 MP: 20/20
 38564 | Orc:2    | Found Moten's Assorted Antiques.
 38576 | Orc:2    | Found Ciepliol's Food Shop.
 39002 | Orc:2    | Found Jeokhlic's Antique Armour Boutique.
 39004 | Orc:2    | Found Unera's Armour Shoppe.
 39016 | Orc:2    | Bought the +0 hat of Qotsenyu {rF+ Int+3 SInv Stlth-} for 379 gold pieces
 39031 | Orc:2    | Bought a wand of digging (16) for 192 gold pieces
 39488 | Orc:2    | Bought the amulet "Rezeph" {Reflect rC+ Int+3 Dex-3 SH+3} for 623 gold pieces
 39488 | Orc:2    | Bought the ring "Kumpehut" {rPois rC+ Str+8 Int-3 Dex+4} for 1157 gold pieces
 39498 | Orc:2    | Bought the +2 pair of gloves of the Blind Marksman {rElec rF++ rCorr Slay-4} for 591 gold pieces
 39688 | Lair:2   | Found a hole to the Spider Nest.
 39827 | Spider:1 | Entered Level 1 of the Spider Nest
 40332 | Lair:2   | Reached skill level 5 in Dodging
 40527 | Spider:1 | Reached skill level 14 in Fighting
 43875 | Spider:2 | Reached skill level 15 in Fighting
 45279 | Spider:4 | Entered Level 4 of the Spider Nest
 45383 | Spider:4 | Noticed Arachne
 45447 | Spider:4 | HP: 1/136 [Arachne/poison arrow (9)]
 46216 | Spider:4 | Reached XP level 17. HP: 142/142 MP: 21/21
 46597 | Spider:4 | Killed Arachne
 46610 | Spider:4 | Noticed Aizul
 46644 | Spider:3 | Killed Aizul
 47938 | Spider:4 | Reached skill level 16 in Fighting
 48878 | Spider:4 | Got a gossamer rune of Zot
 49185 | Shoals:1 | Entered Level 1 of the Shoals
 49418 | Shoals:1 | Reached skill level 10 in Dodging
 50824 | Shoals:2 | Noticed Polyphemus
 51104 | Shoals:1 | Killed Polyphemus
 51580 | Shoals:2 | Noticed Louise
 51627 | Shoals:2 | Killed Louise
 51729 | Shoals:2 | Reached skill level 17 in Fighting
 52070 | Shoals:3 | Reached XP level 18. HP: 154/154 MP: 22/22
 53091 | Orc:2    | Bought a +2 shield of protection for 365 gold pieces
 53443 | Shoals:3 | Reached skill level 1 in Shields
 53454 | Shoals:3 | Reached skill level 1 in Polearms
 53913 | Shoals:3 | Learned a level 5 spell: Borgnjor's Vile Clutch
 53919 | Shoals:3 | Learned a level 5 spell: Lee's Rapid Deconstruction
 54166 | Shoals:4 | Entered Level 4 of the Shoals
 54633 | Shoals:4 | Noticed Ilsuiw
 54663 | Shoals:4 | Reached skill level 5 in Shields
 55053 | Shoals:3 | Killed Ilsuiw
 56179 | Shoals:4 | Found Hacejaf's Weapon Shop.
 56240 | Shoals:4 | Reached skill level 5 in Polearms
 56325 | Shoals:4 | Found Hailyat's Book Boutique.
 56463 | Shoals:4 | Found Popev's Antique Armour Shoppe.
 56740 | Shoals:4 | Found Ivaonugo's Magic Scroll Shop.
 56747 | Shoals:4 | Got a barnacled rune of Zot
 56768 | Shoals:4 | Bought a scroll of enchant weapon for 105 gold pieces
 56768 | Shoals:4 | Bought a scroll of magic mapping for 49 gold pieces
 56768 | Shoals:4 | Bought a scroll of enchant armour for 105 gold pieces
 56776 | Shoals:4 | Found Pyats's General Store.
 57699 | Depths:1 | Entered Level 1 of the Depths
 58749 | Depths:1 | Found a viscous altar of Jiyva.
 58792 | Depths:1 | Reached skill level 10 in Shields
 58792 | Depths:1 | Reached XP level 19. HP: 86/161 MP: 23/23
 59943 | Depths:1 | Found a gateway to Hell.
 60361 | Depths:1 | Identified the cursed +0 buckler of the Original Sin {-Cast rN+ Int+5 Stlth+} (You found it on level 1 of the Depths)
 61289 | Depths:1 | Paralysed by a sphinx for 7 turns
 61292 | Depths:1 | Demolished by an ettin

Vault maps used:
D:1:      minmay_arrival_radiant_lines
D:2:      nicolae_qazlal_eye_of_the_storm, grunt_dithmenos_smoke, first_ration
D:3:      minmay_goblin_kobold_castle, uniq_natasha
D:4:      bloody_makhleb, lemuel_crystal_altar, minmay_temple_entry_from_below_b
D:5:      roderic_roman_lattice, hex_medium, kennysheep_doodads,
          okawaru_gym_becter
D:6:      kennysheep_cluttered_room, uniq_pikel, uniq_edmund
D:7:      kennysheep_cross_room
D:8:      lemuel_doored_altar
D:9:      kennysheep_orc_monster_closet_entryway, serial_shops, shop,
          enter_bailey_3, uniq_grum
D:11:     lair_entry_dummy, serial_shops, nicolae_shop_behind_doors,
          hangedman_little_slice_of_home
D:12:     uniq_sonja, uniq_urug
D:13:     minmay_sliced_demisemicircle
D:14:     minmay_bloctagon_deflated, david_vaults_5,
          minmay_staircase_windowed_large, uniq_nessos
D:15:     hangedman_depths_entry_civil_slaughter, nicolae_lava_and_water,
          special_room, portal_ice_cave_rime
Temple:   minmay_crystal_spiral_temple
Lair:2:   nicolae_spider_entry_orb_guardian, beast_lair_carwin_7,
          grunt_megastairs_3
Lair:3:   serial_bayou_shore_b
Lair:4:   elwin_shoals_entry_rooms, ldierk_geyser, beast_lair_carwin_11,
          minmay_lair_oklob_chamber, grunt_megastairs_4, uniq_snorg
Lair:5:   nicolae_lair_yak_garden, infiniplex_staircase_pool
Lair:6:   wormcave, guppyfry_lair_end_dragon, slime_altar_1, grunt_megastairs_2
Shoals:2: uniq_polyphemus, uniq_louise
Shoals:3: cheibrodos_shoals_gigantism, hangedman_shoal_volcano
Shoals:4: shoals_end_grunt_garden, shoals_ilsuiw_alternative, serial_shops,
          shop, shop, shop_statue, shop, shop
Spider:2: nicolae_spider_stair_cavern
Spider:4: grunt_spider_rune_circles, spider_trap, uniq_aizul, uniq_arachne
Orc:1:    basic_altar
Orc:2:    st_orc_open, kennysheep_orc_chapel
Depths:1: hell_entry, abyss_entry_small_statue_room, nrook_mini_backslash,
          lemuel_freeze_loot_1
Depths:2: evilmike_library_of_no_secrets, grunt_hell_entry_dis_old
Bailey:   bailey_polearm_2, bailey
IceCv:    ice_cave_small_necro

Skill      XL: |  1  2  3  4  5  6  7  8  9 10 11 12 13 14 15 16 17 18 19 |
---------------+----------------------------------------------------------+-----
Staves         | 3 4 5 6 7 8 10 11 12 14 | 14.0
Fighting       | 3 4 5 6 8 10 12 13 15 17 | 17.2
Evocations     | 2 6 |  6.0
Armour         | 2 8 11 12 13 15 | 15.0
Dodging        | 3 8 10 11 | 11.0
Shields        | 10 12 | 12.0
Polearms       | 7 9 |  9.1
Throwing       | |  1.5

Action                   |  1- 3 |  4- 6 |  7- 9 | 10-12 | 13-15 | 16-18 | 19-21 || total
-------------------------+-------+-------+-------+-------+-------+-------+-------++-------
Melee: Quarterstaff      |   103 |   227 |   224 |       |       |       |       ||   554
       Flail             |       |       |   344 |   680 |    52 |       |       ||  1076
       Lajatang          |       |       |       |   500 |  1898 |  1887 |       ||  4285
       Whip              |       |       |       |    13 |       |       |       ||    13
       Morningstar       |       |       |       |     3 |    22 |       |       ||    25
       Scimitar          |       |       |       |       |     6 |       |       ||     6
       Demon trident     |       |       |       |       |       |   738 |   447 ||  1185
 Fire: Blowgun           |       |       |       |   138 |     1 |       |       ||   139
Throw: Throwing net      |       |     3 |     2 |       |       |       |       ||     5
       Tomahawk          |       |       |     7 |     4 |    13 |       |       ||    24
       Javelin           |       |       |       |       |     6 |    23 |       ||    29
Invok: Potion Petition   |       |       |       |     1 |     3 |     8 |       ||    12
       Call Merchant     |       |       |       |       |       |     3 |       ||     3
 Abil: Evoke Flight      |       |       |       |       |       |       |     1 ||     1
Evoke: Wand              |       |       |     2 |    24 |    39 |    46 |       ||   111
       Sack of spiders   |       |       |       |     2 |     2 |       |       ||     4
       Lightning rod     |       |       |       |       |    12 |    12 |     1 ||    25
       Phial of floods   |       |       |       |       |     2 |     2 |     1 ||     5
       Phantom mirror    |       |       |       |       |       |     2 |       ||     2
  Use: Scroll            |       |     3 |     4 |    19 |    14 |    17 |     1 ||    58
 Stab: Sleeping          |     1 |       |       |       |       |       |       ||     1
       Held in net/web   |       |     1 |       |       |     2 |       |       ||     3
       Distracted        |       |       |       |     4 |    11 |    12 |     1 ||    28
       Paralysed         |       |       |       |    25 |       |       |       ||    25
       Petrifying        |       |       |       |       |     1 |       |       ||     1
       Invisible         |       |       |       |       |       |     3 |       ||     3
Armor: Leather armour    |    49 |    13 |       |       |       |       |       ||    62
       Chain mail        |       |    76 |   284 |   330 |       |       |       ||   690
       Plate armour      |       |       |       |   155 |       |       |       ||   155
       Crystal plate arm |       |       |       |   371 |  1304 |  2249 |   204 ||  4128
Dodge: Dodged            |    90 |   143 |   192 |   459 |   471 |  1523 |   148 ||  3026
Block: Other             |       |       |   116 |   378 |   466 |   299 |       ||  1259
       Reflection        |       |       |     6 |    30 |    14 |    87 |     5 ||   142
       Shield            |       |       |       |       |       |   697 |   362 ||  1059
       Rpst.: Scimitar   |       |       |       |       |     1 |       |       ||     1

Table legend:
 A = Spawn XP
 B = Non-spawn XP
 C = Spawn XP percentage of total XP
 D = Spawn monster count
 E = Non-spawn monster count
 F = Spawn count percentage of total count
 G = Total turns spent on level
                    A         B        C        D         E        F      G
               +---------+---------+-------+---------+---------+-------+---------
         Total |       0 |  430963 |   0.0 |       0 |    1360 |   0.0 | 61292
               +---------+---------+-------+---------+---------+-------+---------
           D:1 |       0 |      37 |   0.0 |       0 |      16 |   0.0 |   929
           D:2 |       0 |     341 |   0.0 |       0 |      29 |   0.0 |  1633
           D:3 |       0 |     945 |   0.0 |       0 |      77 |   0.0 |  1714
           D:4 |       0 |     614 |   0.0 |       0 |      23 |   0.0 |  1028
           D:5 |       0 |     884 |   0.0 |       0 |      24 |   0.0 |   945
           D:6 |       0 |    2016 |   0.0 |       0 |      27 |   0.0 |  1265
           D:7 |       0 |     955 |   0.0 |       0 |      14 |   0.0 |   895
           D:8 |       0 |    2729 |   0.0 |       0 |      31 |   0.0 |  1729
           D:9 |       0 |    5335 |   0.0 |       0 |      40 |   0.0 |  2635
          D:10 |       0 |    1560 |   0.0 |       0 |      20 |   0.0 |  1545
          D:11 |       0 |    6187 |   0.0 |       0 |      37 |   0.0 |  2119
          D:12 |       0 |    4720 |   0.0 |       0 |      24 |   0.0 |  1421
          D:13 |       0 |   14029 |   0.0 |       0 |      42 |   0.0 |  1600
          D:14 |       0 |   17913 |   0.0 |       0 |      46 |   0.0 |  1523
          D:15 |       0 |   25601 |   0.0 |       0 |      76 |   0.0 |  2398
        Lair:1 |       0 |    2248 |   0.0 |       0 |      13 |   0.0 |   763
        Lair:2 |       0 |    7955 |   0.0 |       0 |      36 |   0.0 |  1862
        Lair:3 |       0 |    2101 |   0.0 |       0 |      10 |   0.0 |   927
        Lair:4 |       0 |    6136 |   0.0 |       0 |      22 |   0.0 |  2068
        Lair:5 |       0 |   14113 |   0.0 |       0 |      34 |   0.0 |  1705
        Lair:6 |       0 |   31158 |   0.0 |       0 |      88 |   0.0 |  4151
      Shoals:1 |       0 |   23377 |   0.0 |       0 |      44 |   0.0 |  2052
      Shoals:2 |       0 |    8454 |   0.0 |       0 |      18 |   0.0 |  1091
      Shoals:3 |       0 |   26110 |   0.0 |       0 |      46 |   0.0 |  2471
      Shoals:4 |       0 |   37419 |   0.0 |       0 |      66 |   0.0 |  1808
      Spider:1 |       0 |   16854 |   0.0 |       0 |      48 |   0.0 |  1944
      Spider:2 |       0 |   16875 |   0.0 |       0 |      53 |   0.0 |  1366
      Spider:3 |       0 |   16306 |   0.0 |       0 |      47 |   0.0 |  2413
      Spider:4 |       0 |   37241 |   0.0 |       0 |      65 |   0.0 |  2954
         Orc:1 |       0 |    3477 |   0.0 |       0 |      20 |   0.0 |   888
         Orc:2 |       0 |   16664 |   0.0 |       0 |      59 |   0.0 |  1679
      Depths:1 |       0 |   66528 |   0.0 |       0 |      78 |   0.0 |  2607
      Depths:2 |       0 |    5327 |   0.0 |       0 |       7 |   0.0 |   197
        Bailey |       0 |    2420 |   0.0 |       0 |      26 |   0.0 |  3637
         IceCv |       0 |    6334 |   0.0 |       0 |      54 |   0.0 |  1162
               +---------+---------+-------+---------+---------+-------+---------
